 Dungeon Crawl Stone Soup version 0.19-a0-1932-g59670f6 (webtiles) character file.

299 suicidejoker the Bolt Thrower (level 6, 0/52 HPs)
             Began as a Minotaur Hunter on Oct 26, 2016.
             Killed by nerve-wracking pain
             ... invoked by Menkaure
              (11 damage)
             ... on level 4 of the Dungeon.
             The game lasted 00:13:42 (3722 turns).

suicidejoker the Bolt Thrower (Minotaur Hunter)     Turns: 3722, Time: 00:13:42

Health: 0/52       AC:  5    Str: 16 (18) XL:     6   Next: 13%
Magic:  5/5        EV: 12    Int:  7 (8)  God:
Gold:   207        SH:  0    Dex:  8 (11) Spells: 0 memorised, 5 levels left

rFire  . . .     SeeInvis .     f - +3 quarterstaff (chaos)
rCold  . . .     Gourm    +     c - +0 leather armour
rNeg   . . .     Faith    .     (shield currently unavailable)
rPois  .         Spirit   .     (helmet restricted)
rElec  .         Reflect  .     p - +0 cloak
rCorr  +         Harm     .     n - +0 pair of gloves
MR     .....                    (no boots)
Stlth  +.........               I - amulet of the gourmand
                                (no ring)
                                q - ring of resist corrosion

@: no status effects
A: retaliatory headbutt, horns 2
a: no special abilities


You were on level 4 of the Dungeon.
You were hungry.

You visited 1 branch of the dungeon, and saw 4 of its levels.

You collected 207 gold pieces.

Inventory:

Hand Weapons
 a - a +1 hand crossbow
 b - a +0 short sword
 f - a +3 quarterstaff of chaos (weapon)
 m - a cursed +0 hand axe
 A - a +2 mace of venom
 B - a +1 mace of holy wrath
 C - a +0 mace of holy wrath
 D - a +1 mace of protection
 K - a +0 blowgun
Missiles
 o - 23 arrows
 E - 46 bolts
 H - 5 tomahawks (quivered)
 L - 13 poisoned needles
Armour
 c - a +0 leather armour (worn)
 n - a +0 pair of gloves (worn)
 p - a +0 cloak (worn)
Jewellery
 l - an uncursed amulet of guardian spirit
 q - a ring of resist corrosion (left hand)
 I - an amulet of the gourmand (around neck)
Wands
 P - a wand of confusion (23/48)
Scrolls
 e - 2 scrolls of random uselessness {unknown}
 j - 5 scrolls of remove curse {unknown}
 r - a scroll of recharging {unknown}
 t - 2 scrolls of fog {unknown}
 v - 3 scrolls of magic mapping {unknown}
 x - a scroll of blinking {unknown}
 y - a scroll of identify {unknown}
 O - a scroll of noise {unknown}
Potions
 h - a potion of beneficial mutation {unknown}
 i - 2 potions of magic {unknown}
 s - a potion of ambrosia {unknown}
 u - a potion of curing {unknown}
 w - a potion of haste {unknown}
 M - a potion of flight {unknown}
 N - 2 potions of mutation {unknown}
Books
 z - a book of Misfortune

   Spells                             Type                      Level
   a - Confusing Touch                Hexes                        1
   b - Confuse                        Hexes                        3
   c - Gell's Gravitas                Hexes/Translocation          3
   d - Petrify                        Transmutation/Earth          4
   e - Metabolic Englaciation         Hexes/Ice                    5
   f - Yara's Violent Unravelling     Hexes/Transmutation          5
 F - a book of Necromancy

   Spells                             Type                      Level
   a - Pain                           Necromancy                   1
   b - Animate Skeleton               Necromancy                   1
   c - Vampiric Draining              Necromancy                   3
   d - Regeneration                   Charms/Necromancy            3
   e - Animate Dead                   Necromancy                   4
   f - Control Undead                 Necromancy                   4
Comestibles
 d - 2 slices of pizza
 k - 3 fruits
 G - a meat ration
 J - 2 bread rations


   Skills:
 + Level 3.8 Fighting
 - Level 0.7 Short Blades
 * Level 1.2 Staves
 + Level 6.8 Crossbows
 + Level 2.3 Armour
 + Level 2.3 Dodging
 - Level 1.1 Stealth


You had 5 spell levels left.
You didn't know any spells.

Dungeon Overview and Level Annotations

Branches:
Dungeon (4/15)
 Temple: D:4-7

Altars:

Annotations:
D:4 Menkaure


Innate Abilities, Weirdness & Mutations

You reflexively headbutt those who attack you in melee.
You have a pair of horns on your head.


Message History

You hit Menkaure.
You feel gritty.
Menkaure is lightly damaged.
Menkaure calls on the powers of darkness!
Your body is wracked with pain!
You hit Menkaure.
Space bends around Menkaure.
Menkaure is heavily damaged.
Menkaure casts a spell at you. Pain shoots through your body!
You hit Menkaure.
Menkaure flickers and vanishes!
Deactivating autopickup; reactivate with Ctrl-A.
Something hits you but does no damage. Something hits you!
* * * LOW HITPOINT WARNING * * *
Okay, then.
Okay, then.
It was a potion of degeneration.
There was something very wrong with that liquid.
You feel weakened.
You feel dopey.
You feel clumsy.
You hear some strange, mumbled words.
Pain shoots through your body!
You die...

#. ...# ...... ..
.... ...... ..
#..###$... ..
##....#.!. #
......#.# . #.
......####... ..
##########........#.
..
............@{......
#.
######...###...#...
#. #####...###
##.....
#.###.....### ....
......####### .#.
.<...####.... #
.............
.........###
.........#


There were no monsters in sight!

Vanquished Creatures
  An ogre (D:3)
  A hound (D:4)
  Crazy Yiuf (D:2)
  3 gnolls (D:2)
  An adder (D:3)
  A shadow imp (D:3)
  An ooze (D:3)
  4 worms
  4 dart slugs
  4 leopard geckos
  3 orcs (D:2)
  5 giant cockroaches
  9 goblins
  9 hobgoblins
  4 jackals
  2 quokkas
  5 bats
  2 frilled lizards
  12 kobolds
  5 rats
  A bush (D:1)
78 creatures vanquished.

Notes
Turn   | Place    | Note
-------+----------+-------------------------------------------
     0 | D:1      | suicidejoker the Minotaur Hunter began the quest for the Orb.
     0 | D:1      | Reached XP level 1. HP: 18/18 MP: 0/0
   460 | D:1      | Reached XP level 2. HP: 25/25 MP: 1/1
  1008 | D:2      | Reached skill level 5 in Crossbows
  1090 | D:2      | Reached XP level 3. HP: 30/30 MP: 2/2
  1404 | D:2      | Reached skill level 1 in Armour
  1408 | D:2      | Reached XP level 4. HP: 36/37 MP: 3/3
  1666 | D:2      | Found a runed door.
  2024 | D:2      | Noticed Crazy Yiuf
  2034 | D:2      | Killed Crazy Yiuf
  2034 | D:2      | Reached skill level 6 in Crossbows
  2627 | D:3      | Reached skill level 1 in Stealth
  2733 | D:3      | Reached XP level 5. HP: 45/45 MP: 4/4
  2821 | D:3      | Noticed an ogre
  2844 | D:3      | Killed an ogre
  3620 | D:3      | Reached XP level 6. HP: 52/52 MP: 5/5
  3630 | D:4      | Reached skill level 1 in Staves
  3715 | D:4      | Noticed Menkaure
  3722 | D:4      | Killed from afar by Menkaure

Vault maps used:
D:1:      dpeg_arrival_three_same_balls, hex_medium, minmay_hedge_maze
D:2:      guppyfry_early_orc_mine, uniq_crazy_yiuf_cottage
D:3:      first_bread
D:4:      chei_slow_surprise, uniq_menkaure, uniq_duvessa

Skill      XL: |  1  2  3  4  5  6 |
---------------+-------------------+-----
Crossbows      | 5 6 |  6.8
Armour         | 1 2 |  2.3
Fighting       | 3 |  3.8
Stealth        | 1 |  1.1
Staves         | 1 |  1.2
Short Blades   | |  0.7
Dodging        | |  2.3

Action                   |  1- 3 |  4- 6 || total
-------------------------+-------+-------++-------
Melee: Short sword       |   132 |    22 ||   154
       Headbutt          |    39 |     8 ||    47
       Quarterstaff      |       |    35 ||    35
 Fire: Hand crossbow     |    73 |    57 ||   130
Throw: Tomahawk          |       |     1 ||     1
  Use: Potion            |       |     1 ||     1
  Eat: Chunk             |     2 |       ||     2
       Bread ration      |       |     1 ||     1
       Royal jelly       |       |     1 ||     1
Armor: Leather armour    |     7 |    16 ||    23
Dodge: Dodged            |    14 |    33 ||    47
